 Dungeon Crawl Stone Soup version 0.26-a0-1021-gda264ca44c (webtiles) character file.

Game seed: 1265552882400888396

5 runemasterragnar the Skirmisher (level 1, -3/24 HPs)
             Began as an Ogre Fighter on Dec 9, 2020.
             Slain by a goblin
             ... wielding a +0 dagger
              (4 damage)
             ... on level 1 of the Dungeon.
             The game lasted 00:00:34 (370 turns).

runemasterragnar the Skirmisher (Ogre Fighter)       Turns: 370, Time: 00:00:35

Health: -3/24      AC:  3    Str: 15    XL:     1   Next: 80%
Magic:  1/1        EV:  8    Int:  9    God:
Gold:   8          SH:  7    Dex:  8    Spells: 0/0 levels left

rFire    . . .     SeeInvis .   a - +1 flail
rCold    . . .     Faith    .   c - +0 kite shield
rNeg     . . .     Spirit   .   b - +0 robe
rPois    .         Reflect  .   (helmet restricted)
rElec    .         Harm     .   (no cloak)
rCorr    .         Rampage  .   (gloves unavailable)
Will     .....                  (boots unavailable)
Stlth    +.........             (no amulet)
HPRegen  0.08/turn              e - -4 ring of strength (curse)
MPRegen  0.07/turn              (no ring)

@: attractive
A: large, unfitting armour, tough skin 1
a: no special abilities


You were on level 1 of the Dungeon.
You visited 1 branch of the dungeon, and saw 1 of its levels.

You collected 8 gold pieces.

Inventory:

Hand Weapons
 a - a +1 flail (weapon)
Armour
 b - a +0 robe (worn)
 c - a +0 kite shield (worn)
Jewellery
 e - a cursed -4 ring of strength (left hand)
Potions
 d - a potion of might


   Skills:
 + Level 4.1 Fighting
 * Level 2.0 Maces & Flails
 + Level 2.7 Dodging
 - Level 2.6 Shields


You couldn't memorise any spells.
You didn't know any spells.
Your spell library was empty.

Dungeon Overview and Level Annotations

Branches:
Dungeon (1/15)

Altars:


Innate Abilities, Weirdness & Mutations

You are too large for most types of armour.
You have tough skin. (AC +1)


Message History

You closely miss the kobold. The kobold hits you with a +0 club.
You closely miss the kobold. The kobold hits you with a +0 club.
* * * LOW HITPOINT WARNING * * *
The kobold hits you with a +0 club.
* * * LOW HITPOINT WARNING * * *
You sock the kobold!
You kill the kobold!
You hit the goblin.
The goblin is heavily wounded.
The goblin hits you with a +0 dagger.
* * * LOW HITPOINT WARNING * * *
You block the goblin's attack.
It was a potion of attraction.
You feel attractive to monsters. The goblin hits you but does no damage.
The kobold is pulled toward you!
You hit the goblin.
The goblin is severely wounded.
The goblin hits you with a +0 dagger.
You die...

...... #..#...................#
.......##..#.############....†.#
#..........#.................†.#
##.########.##############.....#.
.†.# #.# #.....#. #.## #.#
#######. #..#######.# #....
##..........#################.###
........(.....Kg@................
##...##################.......#..
#...# ###############..........
...#.. ..........................
####.............................
#..................#####......
...................#...#...... #.
........#######.8.#......
♣.♣.♣.♣..#.........#......


You could see a goblin and a kobold.

Vanquished Creatures
  A goblin (D:1)
  A hobgoblin (D:1)
  A bat (D:1)
  2 kobolds (D:1)
  A rat (D:1)
6 creatures vanquished.

Notes
Turn   | Place    | Note
-------+----------+-------------------------------------------
     0 | D:1      | runemasterragnar the Ogre Fighter began the quest for the
                  | Orb.
     0 | D:1      | Reached XP level 1. HP: 24/24 MP: 1/1
   367 | D:1      | HP: 1/24 [goblin/+0 dagger (5)]
   370 | D:1      | Slain by a goblin

Illustrated notes

Levels and vault maps discovered:
D:1:      wander_arrival_estate, layout_basic, minmay_pentomino_o2

Skill      XL: |  1 |
---------------+----+-----
Maces & Flails | 2 |  2.0
Fighting       | |  4.1
Dodging        | |  2.7
Shields        | |  2.6

Action                   || total
-------------------------++-------
Melee: Flail             ||    35
  Use: Scroll            ||     1
       Potion            ||     1
Armor: Robe              ||     8
Dodge: Dodged            ||    12
Block: Kite shield       ||    18

Table legend: (Time is in decaauts)
 A = Elapsed time spent in this place.
 B = Non-inter-level travel time spent in this place.
 C = Inter-level travel time spent in this place.
 D = Time resting spent in this place.
 E = Time spent auto-exploring this place.
 F = Levels seen in this place.
 G = Mean time per level.
                   A        B        C        D        E       F      G
               +--------+--------+--------+--------+--------+-----+--------+
         Total |    382 |    382 |      0 |      0 |    299 |   1 |  382.0 |
       Dungeon |    382 |    382 |      0 |      0 |    299 |   1 |  382.0 |
               +--------+--------+--------+--------+--------+-----+--------+

Top non-repeatable levels by time:
     D:1: 382 daAuts
